 Seeded DCSS version 0.31-a0-523-g071a6c1ffa (webtiles) character file.

Game seed: 13072678262619289131 (custom seed)

233219 bmack86 the Slayer (level 18, -4/194 HPs)
             Began as a Minotaur Fighter on Aug 12, 2023.
             Was the Champion of Okawaru.
             Slain by an anaconda (6 damage)
             ... on level 4 of the Snake Pit.
             The game lasted 01:10:13 (26625 turns).

bmack86 the Slayer (Minotaur Fighter)              Turns: 26625, Time: 01:10:15

Health: -4/194     AC: 46    Str: 30    XL:     18   Next: 84%
Magic:  7/7        EV:  4    Int:  7    God:    Okawaru [******]
Gold:   2602       SH:  5    Dex: 19    Spells: 17/17 levels left

rFire   . . .        I - +8 Wrath of Trog {antimagic, *Rage Rampage}
rCold   . . .        (shield currently unavailable)
rNeg    . . .        a - +8 crystal plate armour "Daoha" {rCorr Str-2 SInv Stlth-}
rPois   +            b - +0 hat of Courage {rElec Str-3 Int+2 Dex+9}
rElec   +            n - +2 cloak {rCorr}
rCorr   +            S - +2 pair of gloves {hurl}
SInv    +            W - +0 pair of boots "Tosh" {rPois}
Will    +....        s - amulet of Serendipity {Reflect Harm SH+5} Stlth
                     g - +6 ring of strength
HPRegen 0.52/turn    R - +4 ring of protection
MPRegen 0.10/turn

%: random rage (50%), harm (+30% outgoing, +20% incoming), reflection, rampage
@: lethally poisoned (-4 -> -14), on berserk cooldown, slowed, constricted,
studying Conjurations, very slow
A: horns 2, retaliatory headbutt
}: 1/15 runes: decaying
a: Renounce Religion, Heroism, Finesse, Duel


You were on level 4 of the Snake Pit.
You worshipped Okawaru.
Okawaru was exalted by your worship.
You visited 6 branches of the dungeon, and saw 31 of its levels.
You also visited: Bailey.

You collected 3236 gold pieces.
You spent 634 gold pieces at shops.

Inventory:

Hand Weapons
 A - a +8 broad axe of draining
 I - the +8 Wrath of Trog (weapon) {antimagic, *Rage Rampage}
   (You acquired it in a bailey)

   It causes slowness and exhaustion when equipped.
   It extends the wielder's berserk rage when killing foes.
   *Rage:     It berserks you when you make melee attacks (+50% chance).
   Rampage:   It bestows one free step when moving towards enemies.
Missiles
 z - 25 boomerangs
 Q - 7 throwing nets
 T - 22 silver javelins
Armour
 a - the +8 crystal plate armour "Daoha" (worn) {rCorr Str-2 SInv Stlth-}
   (Okawaru gifted it to you on level 10 of the Dungeon)

   Str-2:     It affects your strength (-2).
   SInv:      It lets you see invisible.
   rCorr:     It protects you from acid and corrosion.
   Stlth-:    It makes you less stealthy.
 b - the +0 hat of Courage (worn) {rElec Str-3 Int+2 Dex+9}
   (Okawaru gifted it to you on level 12 of the Dungeon)

   Str-3:     It affects your strength (-3).
   Int+2:     It affects your intelligence (+2).
   Dex+9:     It affects your dexterity (+9).
   rElec:     It insulates you from electricity.
 n - a +2 cloak of preservation (worn)
 y - a +0 tower shield
 S - a +2 pair of gloves of hurling (worn)
 W - the +0 pair of boots "Tosh" (worn) {rPois}
   (Okawaru gifted it to you on level 1 of the Snake Pit)

   rPois:     It protects you from poison
Jewellery
 g - a +6 ring of strength (left hand)
 j - a ring of flight
 r - an amulet of reflection
 s - the amulet of Serendipity (around neck) {Reflect Harm SH+5}
   (You found it on level 1 of the Swamp)

   [amulet of reflection]

   Reflect:   It reflects blocked missile attacks.
   SH+5:      It affects your SH (+5).
   Harm:      It increases damage dealt and taken.
 u - a ring of protection from fire
 E - the ring "Putyk" {rElec rC+ Int+6}
   (You found it on level 6 of the Dungeon)

   [ring of intelligence]

   Int+6:     It affects your intelligence (+6).
   rC+:       It protects you from cold.
   rElec:     It insulates you from electricity.
 H - a +6 ring of dexterity
 K - an amulet of regeneration
 M - a +6 ring of dexterity
 R - a +4 ring of protection (right hand)
 U - a +4 ring of protection
Wands
 c - a wand of flame (14) (quivered)
 p - a wand of mindburst (24)
 q - a wand of paralysis (16)
 t - a wand of polymorph (30)
 C - a wand of iceblast (59)
 P - a wand of light (6)
Scrolls
 e - 5 scrolls of fog
 k - 3 scrolls of enchant armour
 w - 10 scrolls of teleportation
 x - a scroll of enchant weapon
 D - a scroll of fear
 F - a scroll of amnesia
 G - 2 scrolls of poison
 N - 6 scrolls of revelation
Potions
 d - 3 potions of might
 f - 15 potions of curing
 h - 7 potions of enlightenment
 i - 8 potions of haste
 l - 7 potions of brilliance
 m - 3 potions of cancellation
 o - 5 potions of invisibility
 v - 4 potions of mutation
 B - a potion of berserk rage
 J - a potion of magic
 L - 4 potions of lignification
 O - 5 potions of heal wounds
 V - 3 potions of ambrosia


   Skills:
 * Level 25.3 Fighting
 - Level 20.0 Axes
 - Level 10.0 Throwing
 - Level 18.0 Armour
 - Level 5.0 Shields
 - Level 8.0 Invocations


You had 17 spell levels left.
You didn't know any spells.
Your spell library contained the following spells:

 Spells                   Type           Power      Damage    Failure   Level
 Freeze                   Ice            0%         1d3       99%         1
 Kiss of Death            Conj/Necr      0%         2d5       99%         1
 Slow                     Hex            0%         N/A       99%         1
 Sting                    Tmut/Pois      0%         1d3       99%         1
 Blink                    Tloc           0%         N/A       100%        2
 Ensorcelled Hibernation  Hex/Ice        0%         N/A       100%        2
 Lesser Beckoning         Tloc           0%         N/A       100%        2
 Momentum Strike          Conj/Tloc      0%         3d8       100%        2
 Passwall                 Tmut/Erth      0%         N/A       100%        2
 Poisonous Vapours        Pois/Air       0%         N/A       100%        2
 Sublimation of Blood     Necr           0%         N/A       100%        2
 Confusing Touch          Hex            0%         N/A       100%        3
 Frozen Ramparts          Ice            0%         1d1       100%        3
 Hailstorm                Conj/Ice       0%         3d3       100%        3
 Inner Flame              Hex/Fire       0%         N/A       100%        3
 Ozocubu's Armour         Ice            0%         N/A       100%        3
 Swiftness                Air            0%         N/A       100%        3
 Vampiric Draining        Necr           0%         2d6       100%        3
 Volatile Blastmotes      Fire/Tloc      0%         2d10      100%        3
 Anguish                  Hex/Necr       0%         N/A       100%        4
 Cause Fear               Hex            0%         N/A       100%        4
 Dispel Undead            Necr           0%         3d6       100%        4
 Fulminant Prism          Conj/Hex       0%         3d5       100%        4
 Iskenderun's Mystic Bla  Conj/Tloc      0%         2d3       100%        4
 Olgreb's Toxic Radiance  Pois           0%         N/A       100%        4
 Passage of Golubria      Tloc           0%         N/A       100%        4
 Petrify                  Tmut/Erth      0%         N/A       100%        4
 Irradiate                Conj/Tmut      0%         3d11      100%        5
 Iskenderun's Battlesphe  Conj           0%         2d6       100%        5
 Metabolic Englaciation   Hex/Ice        0%         N/A       100%        5
 Yara's Violent Unravell  Hex/Tmut       0%         3d3       100%        5
 Leda's Unmaking          Conj/Erth      0%         9d1       100%        6
 Enfeeble                 Hex            0%         N/A       100%        7
 Orb of Destruction       Conj           0%         9d5       100%        7
 Disjunction              Tloc           0%         N/A       100%        8
 Summon Guardian Golem    Hex/Summ       Unusable   N/A       N/A         3
 Tukima's Dance           Hex            Unusable   N/A       N/A         3
 Simulacrum               Ice/Necr       Unusable   N/A       N/A         6
 Spellforged Servitor     Conj/Summ      Unusable   N/A       N/A         7

Dungeon Overview and Level Annotations

Branches:
Dungeon (15/15) Temple (1/1) D:4 Lair (5/5) D:8 Swamp (4/4) Lair:2 Snake (4/4) Lair:2 Slime (0/5) Lair:5 Orc (2/2) D:12 Elf (0/3) Orc:2 Vaults (0/5) D:12 D:13 Depths (0/4) D:15 Bailey (visited)

Altars:
Ashenzari
Cheibriados
Dithmenos
Elyvilon
Fedhas
Gozag
Hepliaklqana
Kikubaaqudgha
Makhleb
Nemelex Xobeh
Okawaru
Qazlal
Ru
Sif Muna
Trog
Uskayaw
Vehumet
Wu Jian
Xom
Yredelemnul
Zin
The Shining One
Jiyva

Shops:
D:1 !   D:14 :   Orc:2 ?*=![:?!

Annotations:
Temple 2 transporters
Snake:4 4 transporters


Innate Abilities, Weirdness & Mutations

You have a pair of horns on your head.
You reflexively headbutt those who attack you in melee.


Message History

The naga mage goes into a battle-frenzy!
The naga warrior constricts you.
The naga warrior hits you but does no damage.
The naga warrior constricts you.
You slice the naga warrior!!
You kill the naga warrior!
Okawaru accepts your kill.
You feel sick.
The naga mage hits you but does no damage.
You are more poisoned.
An anaconda comes into view.
The anaconda hisses angrily.
You miss the anaconda. Your headbutt misses the anaconda.
You feel less vulnerable to poison.
You feel very sick. The anaconda grabs you. You block the anaconda's attack.
The anaconda constricts you.
The naga mage hits you but does no damage.
You are more poisoned.
The anaconda loses its grip on you. 2 naga sharpshooters, a nagaraja and a shock serpent come into view.
You feel very sick.
The naga sharpshooter shouts! x2; The nagaraja shouts!
The shock serpent hisses angrily.
You hear an angry hiss.
You hear a shout! x2
The anaconda grabs you. You block the anaconda's attack.
The anaconda constricts you.
The shock serpent bites you but does no damage.
The naga mage spits poison at you.
The splash of poison hits you but does no damage.
You resist.
The anaconda bites you but does no damage.
The anaconda constricts you. The shock serpent bites you!
* * * LOW HITPOINT WARNING * * *
The shock serpent shocks you. You resist.
* * * LOW HITPOINT WARNING * * *
A salamander mystic comes into view. It is wielding a +0 quarterstaff.
The naga mage hits you with a +1 spear of venom!
* * * LOW HITPOINT WARNING * * *
The anaconda bites you.
You die...

...##...# ##..#
.......## ⌠...
#...### ......## ....
##.....# .....##
....###..##... ....##
####NN.###...###..
....# ##...N...#....#
### ...##
##.....N.##....##
####
##.)NS.####......#
#..†@###.........# #
#..)S.########<.## ##
##...)..).)).###.###.
###....)..†...####..
#########)...#..##
##...........####
#......).)..##
.##.....####### ###
#............## ##=.


You could see a nagaraja (strong), 2 naga sharpshooters, a salamander mystic
(strong), an anaconda, a shock serpent and a naga mage (strong, catching
breath).

Vanquished Creatures
  Nikola (Swamp:1)
  Jorgrun (Swamp:2)
  Rupert (D:12)
  Agnes (D:15)
  Frances (Swamp:1)
  A thorn hunter (Swamp:4)
  2 azure jellies (Swamp:4)
  The ghost of jasper the Hand of Fortune, an adept DsSh of Nemelex Xobeh (Snake:1)
  Donald (Swamp:4)
  5 eleionomae
  Nessos (D:13)
  5 bunyips
  A spark wasp (shapeshifter) (D:15)
  A shambling mangrove (Swamp:2)
  Josephine (D:10)
  2 ice dragons (Swamp:4)
  Erolcha (Orc:2)
  15 hydras
  A salamander tyrant (Snake:4)
  The ghost of arvidsem the Fighter, a novice TrFi of Qazlal (Lair:1)
  5 catoblepae
  5 ogre magi
  6 ghost crabs
  Harold (D:11)
  3 boulder beetles
  11 anacondas
  5 centaur warriors
  13 two-headed ogres
  9 alligators
  17 death yaks
  2 tengu warriors (D:14)
  13 naga warriors
  Urug (D:13)
  6 naga sharpshooters (Snake:4)
  An orc high priest (Bailey)
  5 shock serpents
  Sonja (Lair:4)
  A spectral anaconda (Snake:3)
  3 salamander mystics
  Lodul (D:11)
  4 naga ritualists
  6 spriggan druids
  2 swamp dragons (Swamp:3)
  2 spectral hydras (Lair:2)
  8 bog bodies
  2 anaconda skeletons (Snake:3)
  2 wizards
  3 orc knights
  14 ugly things
  5 mana vipers
  A necromancer (D:15)
  A spectral boulder beetle (Lair:2)
  3 deep elf pyromancers
  3 manticores
  8 orc sorcerers
  2 salamanders (shapeshifter)
  An oklob plant (Lair:5)
  10 salamanders
  7 will-o-the-wisps
  2 cyclopes
  A centaur zombie (D:15)
  5 naga magi
  Maurice (D:9)
  7 elephants
  23 black mambas
  8 guardian serpents
  11 cane toads
  A torpor snail (Lair:3)
  Psyche (D:9)
  6 rime drakes
  A centaur skeleton (D:15)
  A spectral sea snake (Snake:3)
  A kobold demonologist (Bailey)
  3 spectral nagas (Snake:3)
  4 freezing wraiths (Swamp:4)
  An anaconda simulacrum (Snake:3)
  6 komodo dragons
  An efreet (D:13)
  A tengu conjurer (D:14)
  7 tyrant leeches
  A meliai (Lair:1)
  3 trolls
  A spectral guardian serpent (Snake:3)
  Grinder (D:3)
  A polar bear (Lair:3)
  A queen bee (Lair:1)
  11 hornets
  20 blink frogs
  A spectral elephant (Lair:2)
  6 dream sheep (Lair:3)
  A centaur simulacrum (D:15)
  16 slime creatures
  2 shadows
  12 spriggans
  Sigmund (D:3)
  A vampire (D:9)
  43 yaks
  5 wyverns
  16 humans
  6 basilisks
  8 wraiths
  3 swamp worm simulacra (Swamp:4)
  The ghost of bahustanut the Magician, an amateur DjAE (D:6)
  2 sea snake simulacra (Snake:3)
  3 vampire mosquitoes (Swamp:2)
  11 swamp worms
  14 nagas
  A spectral cane toad (Lair:2)
  3 wargs
  An acid dragon (D:12)
  10 water moccasins
  13 hydra simulacra (Swamp:4)
  A spectral yak (Lair:2)
  A hornet zombie (D:15)
  A guardian serpent simulacrum (Snake:3)
  A swamp drake (Swamp:1)
  An ice beast (D:4)
  17 orc warriors
  2 sky beasts
  A black bear (D:6)
  21 ogres
  22 wolves
  18 centaurs
  2 phantoms (D:5)
  2 kobold brigands (D:9)
  9 bullfrogs
  A spectral water moccasin (Lair:2)
  A gnoll sergeant (D:9)
  5 scorpions
  5 naga simulacra (Snake:3)
  7 killer bees (Lair:1)
  2 electric eels (Bailey)
  3 howler monkeys
  11 orc priests
  5 hounds
  Crazy Yiuf (D:3)
  2 gnoll boudas
  5 jellies
  2 sleepcaps (D:7)
  3 iguanas
  Ijyb (D:3)
  32 orc wizards
  7 hell rats (Lair:4)
  A naga skeleton (Snake:3)
  27 gnolls
  7 adders
  A white imp (D:7)
  5 swamp drake simulacra (Swamp:4)
  An ufetubus (D:6)
  3 worms
  7 dart slugs
  70 orcs
  3 bats (D:1)
  6 endoplasms
  A giant cockroach (D:4)
  24 goblins
  21 hobgoblins
  4 jackals
  A quokka (D:2)
  9 ball pythons
  A frilled lizard (D:2)
  17 kobolds
  4 rats
953 creatures vanquished.

Vanquished Creatures (others)
  A gnoll (D:3)
  12 foxfires
13 creatures vanquished.

Grand Total: 966 creatures vanquished

Notes
Turn   | Place    | Note
-------+----------+-------------------------------------------
     0 | D:1      | bmack86 the Minotaur Fighter began the quest for the Orb.
     0 | D:1      | Reached XP level 1. HP: 19/19 MP: 0/0
   209 | D:1      | Reached XP level 2. HP: 19/26 MP: 1/1
   289 | D:1      | Found Qeclaele's Distillery.
   305 | D:1      | Bought a potion of degeneration for 11 gold pieces
   866 | D:2      | Found a glowing golden altar of the Shining One.
  1004 | D:2      | Reached XP level 3. HP: 31/31 MP: 2/2
  1577 | D:3      | Reached XP level 4. HP: 10/39 MP: 3/3
  1935 | D:3      | Found a faded altar of an unknown god.
  1945 | D:3      | Noticed Sigmund
  1968 | D:3      | Killed Sigmund
  1969 | D:3      | Reached skill level 5 in Shields
  1969 | D:3      | Reached XP level 5. HP: 19/45 MP: 4/4
  2089 | D:3      | Noticed Ijyb
  2097 | D:3      | Killed Ijyb
  2098 | D:3      | Reached XP level 6. HP: 15/51 MP: 5/5
  2302 | D:3      | Noticed Grinder
  2308 | D:3      | Killed Grinder
  2349 | D:3      | Identified the +9 hammer "Spider's Undoing" {venom, *Noise
                  | Int+6 Dex+3}
  2354 | D:3      | Found a runed translucent door.
  2355 | D:3      | Noticed Crazy Yiuf
  2833 | D:3      | Killed Crazy Yiuf
  2927 | D:4      | Reached XP level 7. HP: 57/57 MP: 6/6
  3227 | D:4      | Reached skill level 10 in Axes
  3477 | D:4      | Found a shadowy altar of Dithmenos.
  3535 | D:4      | Found a staircase to the Ecumenical Temple.
  3547 | Temple   | Found a transporter.
  3547 | Temple   | Found a transporter.
  3547 | Temple   | Found a transporter.
  3547 | Temple   | Found a transporter.
  3547 | Temple   | Entered the Ecumenical Temple
  3711 | D:4      | Reached XP level 8. HP: 64/64 MP: 7/7
  4393 | D:5      | Entered Level 5 of the Dungeon
  4689 | D:5      | Identified the +0 ring mail of the Cobbler {rF+ Str+5
                  | Dex-5}
  5075 | D:6      | Identified the ring "Putyk" {rElec rC+ Int+6}
  5138 | D:6      | Found an iron altar of Okawaru.
  5141 | D:6      | Became a worshipper of Warmaster Okawaru
  5196 | D:6      | Found a broken altar of Ashenzari.
  5205 | D:6      | Found a shimmering altar of Xom.
  5208 | D:6      | Found a bloodstained altar of Trog.
  5208 | D:6      | Found a stormy altar of Qazlal.
  5215 | D:6      | Found a basalt altar of Yredelemnul.
  5222 | D:6      | Reached XP level 9. HP: 68/70 MP: 8/8
  5277 | D:6      | Found a shimmering blue altar of Sif Muna.
  5302 | D:6      | Identified the +1 plate armour "Xayddock" {Int+2 Slay+4}
  5382 | D:6      | Found a runed translucent gate.
  5382 | D:6      | Noticed bahustanut's ghost (amateur DjAE)
  5384 | D:6      | Found a runed translucent gate.
  5385 | D:6      | Found a runed translucent gate.
  5567 | D:7      | Reached skill level 1 in Invocations
  5744 | D:7      | Reached * piety under Okawaru
  5754 | D:7      | Reached skill level 15 in Axes
  6170 | D:8      | Reached ** piety under Okawaru
  6231 | D:8      | Found a flagged portal.
  6238 | Bailey   | Entered a bailey
  6302 | Bailey   | Reached XP level 10. HP: 62/77 MP: 10/12
  6351 | Bailey   | Noticed an orc high priest
  6353 | Bailey   | Noticed a sixfirhy
  6353 | Bailey   | Noticed a sun demon
  6360 | Bailey   | Killed an orc high priest
  6361 | Bailey   | Reached skill level 5 in Invocations
  6528 | Bailey   | Noticed an orc knight
  6538 | Bailey   | Killed an orc knight
  6543 | Bailey   | Noticed an orc knight
  6563 | Bailey   | Killed an orc knight
  6563 | Bailey   | Reached *** piety under Okawaru
  6695 | Bailey   | Acquired the +8 Wrath of Trog {antimagic, *Rage Rampage}
  6695 | Bailey   | Found the +8 Wrath of Trog {antimagic, *Rage Rampage}
  6809 | Bailey   | Found an iron altar of Okawaru.
  7283 | D:8      | Found a sparkling altar of Nemelex Xobeh.
  7290 | D:8      | Found a white marble altar of Elyvilon.
  7293 | D:8      | Found a glowing golden altar of the Shining One.
  7293 | D:8      | Found a snail-covered altar of Cheibriados.
  7300 | D:8      | Found a glowing silver altar of Zin.
  7361 | D:8      | Found a staircase to the Lair.
  7502 | D:8      | Reached **** piety under Okawaru
  7807 | D:9      | Noticed Psyche
  7807 | D:9      | Noticed a two-headed ogre
  7810 | D:9      | Noticed a two-headed ogre
  7864 | D:9      | Killed Psyche
  7871 | D:9      | Killed a two-headed ogre
  7871 | D:9      | Killed a two-headed ogre
  7872 | D:9      | Reached XP level 11. HP: 72/82 MP: 5/15
  8103 | D:9      | Noticed Maurice
  8125 | D:9      | Reached ***** piety under Okawaru
  8126 | D:9      | Killed Maurice
  8451 | D:10     | Entered Level 10 of the Dungeon
  8457 | D:10     | Noticed a two-headed ogre
  8463 | D:10     | Killed a two-headed ogre
  8587 | D:6      | Killed bahustanut's ghost
  9038 | D:10     | Noticed a two-headed ogre
  9042 | D:10     | Killed a two-headed ogre
  9042 | D:10     | Identified the +8 crystal plate armour "Daoha" {rCorr Str-2
                  | SInv Stlth-} (Okawaru gifted it to you on level 10 of the
                  | Dungeon)
  9042 | D:10     | Received a gift from Okawaru
  9218 | D:10     | Noticed Josephine
  9224 | D:10     | Killed Josephine
  9636 | D:11     | Noticed a two-headed ogre
  9640 | D:11     | Killed a two-headed ogre
  9722 | D:11     | Noticed Lodul
  9732 | D:11     | Killed Lodul
  9738 | D:11     | Reached skill level 4 in Fighting
  9763 | D:11     | Noticed Harold
  9772 | D:11     | Killed Harold
  9821 | D:11     | Noticed a boulder beetle
  9834 | D:11     | Killed a boulder beetle
  9835 | D:11     | Reached skill level 5 in Fighting
  9835 | D:11     | Reached XP level 12. HP: 87/94 MP: 5/17
 10043 | D:12     | Noticed Rupert
 10047 | D:12     | Reached skill level 6 in Fighting
 10047 | D:12     | Reached skill level 5 in Armour
 10047 | D:12     | Found a staircase to the Orcish Mines.
 10051 | D:12     | Identified the +0 hat of Courage {rElec Str-3 Int+2 Dex+9}
                  | (Okawaru gifted it to you on level 12 of the Dungeon)
 10051 | D:12     | Received a gift from Okawaru
 10069 | D:12     | Killed Rupert
 10070 | D:12     | Reached skill level 7 in Fighting
 10082 | D:12     | Identified the +0 plate armour of Inaction {Contam rPois
                  | rF+++ Int-5}
 10186 | D:12     | Reached skill level 8 in Fighting
 10471 | D:13     | Noticed Urug
 10471 | D:13     | Noticed a two-headed ogre
 10471 | D:13     | Noticed Nessos
 10471 | D:13     | Noticed a boulder beetle
 10471 | D:13     | Found a gate to the Vaults.
 10483 | D:12     | Reached skill level 9 in Fighting
 10484 | D:12     | Killed a boulder beetle
 10542 | D:13     | Reached skill level 10 in Fighting
 10544 | D:13     | Killed a two-headed ogre
 10546 | D:13     | Killed Urug
 10550 | D:13     | Reached skill level 11 in Fighting
 10554 | D:13     | Killed Nessos
 10659 | D:13     | Found a blossoming altar of Fedhas.
 10744 | D:13     | Noticed a centaur warrior
 10750 | D:13     | Killed a centaur warrior
 10855 | D:13     | Noticed a two-headed ogre
 10861 | D:13     | Killed a two-headed ogre
 10862 | D:13     | Reached XP level 13. HP: 116/116 MP: 6/18
 10915 | D:13     | Reached ****** piety under Okawaru
 11123 | D:14     | Identified the +2 ring mail "Qidira" {Slay+3} (Okawaru
                  | gifted it to you on level 14 of the Dungeon)
 11123 | D:14     | Received a gift from Okawaru
 11129 | D:14     | Reached skill level 1 in Throwing
 11137 | D:14     | Reached skill level 12 in Fighting
 11175 | D:14     | Found Tusiof's Tremendous Tomes.
 11532 | D:14     | Reached skill level 13 in Fighting
 11897 | D:15     | Entered Level 15 of the Dungeon
 11903 | D:15     | Reached skill level 14 in Fighting
 11903 | D:15     | Reached skill level 10 in Armour
 11903 | D:15     | Reached XP level 14. HP: 132/132 MP: 6/19
 11905 | D:15     | Reached skill level 15 in Fighting
 11905 | D:15     | Reached skill level 5 in Throwing
 11905 | D:15     | Reached XP level 15. HP: 141/141 MP: 6/20
 12202 | D:15     | Received a gift from Okawaru
 12414 | D:15     | Reached skill level 16 in Fighting
 12437 | D:15     | Found a staircase to the Depths.
 12690 | D:15     | Noticed Agnes
 12700 | D:15     | Killed Agnes
 12973 | Lair:1   | Entered Level 1 of the Lair of Beasts
 12990 | Lair:1   | Identified the +1 robe of Nucas {Str+3} (Okawaru gifted it
                  | to you on level 1 of the Lair of Beasts)
 12990 | Lair:1   | Received a gift from Okawaru
 13020 | Lair:1   | Got Sif Muna's Information on the Torch and Space
 13076 | Lair:1   | Noticed arvidsem's ghost (novice TrFi)
 13136 | Lair:1   | Found a transporter.
 13140 | Lair:1   | Found a transporter.
 13233 | Lair:1   | Killed arvidsem's ghost
 13683 | Lair:1   | Reached skill level 17 in Fighting
 13683 | Lair:1   | Reached XP level 16. HP: 155/155 MP: 7/21
 14130 | Lair:2   | Found a staircase to the Swamp.
 14265 | Lair:2   | Found a staircase to the Snake Pit.
 15911 | Lair:4   | Reached skill level 18 in Fighting
 15963 | Lair:4   | Noticed Sonja
 15968 | Lair:4   | Killed Sonja
 15974 | Lair:4   | Received a gift from Okawaru
 16303 | Lair:4   | Identified the +2 quarterstaff of Ambiguity {antimagic, rF+
                  | Will+ Dex+4}
 16762 | Lair:5   | Entered Level 5 of the Lair of Beasts
 16928 | Lair:5   | Identified the +1 scale mail "Gutuib" {rF- rN+ Str+5}
                  | (Okawaru gifted it to you on level 5 of the Lair of Beasts)
 16928 | Lair:5   | Received a gift from Okawaru
 16931 | Lair:5   | Reached skill level 19 in Fighting
 17326 | Lair:5   | Found a viscous altar of Jiyva.
 17326 | Lair:5   | Found a staircase to the Slime Pits.
 18133 | Orc:1    | Entered Level 1 of the Orcish Mines
 18142 | Orc:1    | Reached skill level 10 in Throwing
 18209 | Orc:2    | Entered Level 2 of the Orcish Mines
 18210 | Orc:2    | Found a staircase to the Elven Halls.
 18344 | Orc:2    | Reached XP level 17. HP: 170/170 MP: 7/22
 18408 | Orc:2    | Found Vaikkaclu's Distillery.
 18412 | Orc:2    | Paralysed by an ogre mage for 5 turns
 18424 | Orc:2    | Reached skill level 20 in Fighting
 18434 | Orc:2    | Found a radiant altar of Vehumet.
 18434 | Orc:2    | Noticed Erolcha
 18435 | Orc:2    | Killed Erolcha
 18460 | Orc:2    | Found an ancient bone altar of Kikubaaqudgha.
 18484 | Orc:2    | Reached skill level 15 in Armour
 18527 | Orc:2    | Bought a potion of heal wounds for 70 gold pieces
 18527 | Orc:2    | Bought a potion of heal wounds for 70 gold pieces
 18549 | Orc:2    | Found Naimawki's General Store.
 18555 | Orc:2    | Found Wuqigywa's Magic Scroll Emporium.
 18567 | Orc:2    | Bought a scroll of brand weapon for 171 gold pieces
 18642 | Orc:2    | Found Vowkeg's Magic Scroll Emporium.
 18650 | Orc:2    | Bought a scroll of butterflies for 64 gold pieces
 18650 | Orc:2    | Bought a scroll of enchant armour for 120 gold pieces
 18673 | Orc:2    | Found Erchux's Distillery.
 18818 | Orc:2    | Found Gihipp's Jewellery Emporium.
 18828 | Orc:2    | Paralysed by an orc sorcerer for 5 turns
 18835 | Orc:2    | Found Giocri Inibb's Antique Armour Emporium.
 18869 | Orc:2    | Found Fiumon's Book Shoppe.
 18872 | Orc:2    | Bought a hat for 128 gold pieces
 18972 | Orc:1    | Identified the +3 ring mail of Hedonism {Int+3} (Okawaru
                  | gifted it to you on level 1 of the Orcish Mines)
 18972 | Orc:1    | Received a gift from Okawaru
 19509 | Swamp:1  | Entered Level 1 of the Swamp
 19602 | Swamp:1  | Identified the amulet of Serendipity {Reflect Harm SH+5}
 19755 | Swamp:1  | Reached skill level 21 in Fighting
 20153 | Swamp:1  | Noticed Nikola
 20154 | Swamp:1  | Noticed Frances
 20163 | Swamp:1  | Killed Frances
 20171 | Swamp:1  | Killed Nikola
 20484 | Swamp:2  | Noticed Jorgrun
 20505 | Swamp:2  | Killed Jorgrun
 20936 | Swamp:2  | Paralysed by a hornet for 2 turns
 21498 | Swamp:3  | Found a sparkling altar of Nemelex Xobeh.
 21522 | Swamp:3  | Identified the +5 executioner's axe of the Floral God
                  | {antimagic, rElec} (Okawaru gifted it to you on level 3 of
                  | the Swamp)
 21522 | Swamp:3  | Received a gift from Okawaru
 21583 | Swamp:3  | Reached skill level 22 in Fighting
 22516 | Swamp:4  | Entered Level 4 of the Swamp
 22516 | Swamp:4  | Noticed Donald
 22520 | Swamp:4  | Killed Donald
 23141 | Swamp:4  | Reached XP level 18. HP: 124/187 MP: 7/23
 23148 | Swamp:4  | Received a gift from Okawaru
 23785 | Swamp:4  | Reached skill level 23 in Fighting
 23798 | Swamp:4  | Got a decaying rune of Zot
 23982 | Snake:1  | Entered Level 1 of the Snake Pit
 24048 | Snake:1  | Received a gift from Okawaru
 24201 | Snake:1  | Identified the +0 pair of boots "Tosh" {rPois} (Okawaru
                  | gifted it to you on level 1 of the Snake Pit)
 24201 | Snake:1  | Received a gift from Okawaru
 24443 | Snake:1  | Found a burning altar of Makhleb.
 24541 | Snake:1  | Found a runed translucent door.
 24546 | Snake:1  | Noticed jasper's ghost (adept DsSh)
 24556 | Snake:1  | Killed jasper's ghost
 24807 | Snake:2  | You fall into a shaft and drop 1 floor!
 24972 | Snake:3  | Reached skill level 24 in Fighting
 25663 | Snake:4  | Entered Level 4 of the Snake Pit
 25663 | Snake:4  | Found a transporter.
 25665 | Snake:4  | Found a transporter.
 25671 | Snake:4  | Found a transporter.
 25671 | Snake:4  | Found a transporter.
 25674 | Snake:4  | Found a transporter.
 25674 | Snake:4  | Found a transporter.
 26548 | Snake:4  | Found a snail-covered altar of Cheibriados.
 26591 | Snake:4  | Reached skill level 25 in Fighting
 26605 | Snake:4  | Received a gift from Okawaru
 26625 | Snake:4  | HP: 2/194 [naga mage/+1 spear of venom (16)]
 26625 | Snake:4  | Slain by an anaconda

Illustrated notes

Levels and vault maps discovered:
D:1:      psy_arrival_statuary, layout_basic, serial_shops, shop,
          serial_bayou_pond_d
D:2:      layout_basic, basic_altar, minmay_misc_feat_secret_circle,
          kennysheep_potato
D:3:      kennysheep_slugbush, layout_loops_ring,
          hellmonk_ecumenical_altar_zigzags, uniq_crazy_yiuf_cottage, uniq_ijyb,
          uniq_grinder, uniq_sigmund
D:4:      corexii_shantytown, layout_cave_pods, mainiacjoe_overflow_boulevard,
          minmay_temple_entry_mini_moons, minmay_fractal_squares_5
D:5:      layout_rooms
D:6:      layout_rooms, nicolae_sif_muna_little_library,
          nicolae_overflow_hallway_of_the_gods, kennysheep_mini,
          biasface_ghost_orc_armoury, corexii_item_surrounded_by_moat
D:7:      layout_rooms
D:8:      layout_loops_cross, nicolae_overflow_hallway_of_the_gods,
          david_lair_shrubbed, enter_bailey_3, roderic_lattice_a
D:9:      layout_cave_pools, uniq_psyche, uniq_maurice
D:10:     layout_basic, minivault_25_ag, due_unseen_surprise, uniq_josephine
D:11:     layout_cave_pools, kennysheep_generic_room_14, uniq_harold, uniq_lodul
D:12:     layout_rooms, orc_0_dummy, uniq_rupert
D:13:     layout_cave_pools, david_vaults_3, minivault_21, fedhas_altar_2
D:14:     layout_basic, dreamdust_mushroom_princess,
          nicolae_shop_i_like_big_books, kennysheep_another_room,
          minivault_25_ag
D:15:     grunt_enter_depths_magical_seal, layout_loops_corners,
          hangedman_abyss_or_decor_stagger, uniq_agnes
Temple:   hellmonk_temple_divided_pantheon
Lair:1:   layout_cave_pods, gammafunk_ghost_hive
Lair:2:   layout_small_grid, nicolae_swamp_entry_spooky, dummy_snake_entry
Lair:3:   layout_layer_cave, evilmike_ambush [evilmike_ambush_outer_pillars,
          evilmike_ambush_inner_basic]
Lair:4:   layout_gridlike, hibernation_bobbens, serial_bayou_shore_b,
          infiniplex_staircase_pool_2, serial_bayou_shore_b, uniq_sonja
Lair:5:   evilmike_catoblepas_cave, layout_small_grid,
          dpeg_slime_entry_enclosed, grunt_megastairs_3
Swamp:1:  layout_falls_marsh, hangedman_swamp_cone, swamp_pool4,
          nzn_swamp_dancing_lights, infiniplex_staircase_pool, uniq_frances,
          uniq_nikola
Swamp:2:  layout_basic_swamp, hangedman_swamp_pad,
          nicolae_swamp_feature_on_the_river_bank, uniq_jorgrun
Swamp:3:  layout_basic_swamp, evilmike_swamp_ruin_house_5, swamp_pool3,
          lemuel_altar_in_water
Swamp:4:  swamp_icy, layout_basic_swamp, uniq_donald
Snake:1:  layout_basic, ebering_ghost_reflecting_pool, basic_altar
Snake:2:  layout_grid_shapes, minmay_shop_star, uniq_louise
Snake:3:  layout_gridlike, nicolae_snake_the_dead_are_slithering
Snake:4:  grunt_snake_rune_serpentine_throne, layout_onion, basic_altar,
          serial_nicolae_subway, nicolae_sub_station_metal,
          nicolae_sub_station_stone, nicolae_sub_station_crystal
Orc:1:    layout_caves
Orc:2:    kennysheep_orc_mage_school, layout_caves, serial_shops,
          nicolae_shop_statue_plus, shop, nicolae_shop_tiny_real_fake_doors,
          nicolae_shop_window_shopping

Skill      XL: |  1  2  3  4  5  6  7  8  9 10 11 12 13 14 15 16 17 18 |
---------------+-------------------------------------------------------+-----
Axes           | 3 4 6 8 10 13 15 17 20 | 20.0
Shields        | 4 5 |  5.0
Invocations    | 4 7 8 |  8.0
Fighting       | 5 11 14 15 17 19 22 25 | 25.3
Armour         | 4 8 10 11 12 14 17 18 | 18.0
Throwing       | 4 5 7 10 | 10.0

Action                     |  1- 3 |  4- 6 |  7- 9 | 10-12 | 13-15 | 16-18 || total
---------------------------+-------+-------+-------+-------+-------+-------++-------
  Melee: War axe           |    74 |    52 |   303 |       |       |       ||   429
         Headbutt          |     8 |    10 |    56 |    65 |    52 |   231 ||   422
         Battleaxe         |       |       |       |   255 |   221 |   998 ||  1474
         Broad axe         |       |       |       |    29 |       |       ||    29
 Invoke: Heroism           |       |       |     1 |     2 |       |       ||     3
  Evoke: Wand              |       |       |     1 |     3 |     3 |     5 ||    12
    Use: Scroll            |       |       |     9 |    15 |     7 |     6 ||    37
         Potion            |       |       |     1 |     3 |     3 |       ||     7
   Stab: Petrified         |       |       |       |       |       |     2 ||     2
         Petrifying        |       |       |       |       |       |     1 ||     1
         Confused          |       |       |       |       |       |     1 ||     1
 Armour: Scale mail        |    44 |    19 |    72 |       |       |       ||   135
         Plate armour      |       |       |    40 |    84 |       |       ||   124
         Crystal plate arm |       |       |       |   126 |   205 |  1140 ||  1471
  Dodge: Dodged            |    37 |    17 |    94 |    69 |    60 |   287 ||   564
  Block: Buckler           |    22 |     4 |   146 |    23 |       |       ||   195
         Reflection        |       |       |     4 |       |       |     7 ||    11
         Other             |       |       |       |     2 |       |    93 ||    95

Table legend: (Time is in decaauts)
 A = Elapsed time spent in this place.
 B = Non-inter-level travel time spent in this place.
 C = Inter-level travel time spent in this place.
 D = Time resting spent in this place.
 E = Time spent auto-exploring this place.
 F = Levels seen in this place.
 G = Mean time per level.
                   A        B        C        D        E       F      G
               +--------+--------+--------+--------+--------+-----+--------+
         Total |  27741 |  26031 |   1710 |   1702 |  17453 |  32 |  866.9 |
       Dungeon |  12612 |  11655 |    957 |    388 |   8343 |  15 |  840.8 |
        Temple |      1 |      1 |      0 |      0 |      0 |   1 |    1.0 |
          Lair |   5466 |   5002 |    464 |     15 |   3620 |   5 | 1093.2 |
         Swamp |   4750 |   4603 |    147 |    907 |   2572 |   4 | 1187.5 |
     Snake Pit |   2796 |   2749 |     47 |    277 |   1668 |   4 |  699.0 |
  Orcish Mines |   1218 |   1123 |     95 |      0 |    826 |   2 |  609.0 |
        Bailey |    895 |    895 |      0 |    115 |    422 |   1 |  895.0 |
               +--------+--------+--------+--------+--------+-----+--------+

Top non-repeatable levels by time:
     D:3: 1479 daAuts
 Swamp:4: 1428 daAuts
     D:4: 1346 daAuts
  Lair:5: 1227 daAuts
 Swamp:2: 1121 daAuts
 Swamp:3: 1110 daAuts
  Lair:1: 1103 daAuts
  Lair:2: 1100 daAuts
 Swamp:1: 1090 daAuts
     D:8: 1048 daAuts
  Lair:3: 1034 daAuts
    D:15: 1017 daAuts
 Snake:4: 1015 daAuts
    D:10: 1005 daAuts
  Lair:4: 1000 daAuts
